PL
BOSTON PATRIOTS @ ATLANTA SMOKE
08/17/2027
 
TOP OF THE 1ST
Boston Patriots batting - Pitching for Atlanta Smoke : RHP Juan Pérez
Pitching: RHP Juan Pérez
Batting: LHB Alberto Enríquez 0-0: Ball
1-0: Ball
2-0: Foul Ball, location: 2F
2-1: Swinging Strike
2-2: Ball
3-2: Hit by Pitch
Batting: LHB Ramón Félix 0-0: Ball
1-0: Ball
2-0: Swinging Strike
2-1: Foul Ball, location: 2F
2-2: Strikes out swinging
Batting: RHB Terry Armstrong 0-0: DOUBLE (Line Drive, 7LM)
Alberto Enríquez to third
Runner from 3rd tries for Home, SAFE, throw made home
Batting: RHB Tommy Jones 0-0: Ball
1-0: Called Strike
1-1: Ball
2-1: Swinging Strike
2-2: Foul Ball, location: 2F
2-2: Foul Ball, location: 2F
2-2: Strikes out looking
Batting: RHB Tamasaburo Kato 0-0: Ball
1-0: Called Strike
1-1: Foul Ball, location: 2F
1-2: Ball
2-2: Foul Ball, location: 2F
2-2: Ball
3-2: Foul Ball, location: 2F
3-2: DOUBLE (Line Drive, 7LS)
Terry Armstrong scores
Batting: LHB Bill Chambers 0-0: Ground out 6-3 (Groundball, 6)
Top of the 1st over - 2 run(s), 2 hit(s), 0 error(s), 1 left on base; Boston 2 - Atlanta 0
BOTTOM OF THE 1ST
Atlanta Smoke batting - Pitching for Boston Patriots : RHP Cameron Frye
Pitching: RHP Cameron Frye
Batting: RHB Bartolo Morales 0-0: Ball
1-0: Called Strike
1-1: Fly out, F9 (Flyball, 9LS)
Batting: RHB Arturo Maldonado 0-0: Called Strike
0-1: Ground out 4-3 (Groundball, 4)
Batting: RHB Gabriel Maldonado 0-0: Foul Ball, location: 2F
0-1: Ball
1-1: Foul Ball, location: 2F
1-2: Fly out, F6 (Popup, 6)
Bottom of the 1st over - 0 run(s), 0 hit(s), 0 error(s), 0 left on base; Boston 2 - Atlanta 0
TOP OF THE 2ND
Boston Patriots batting - Pitching for Atlanta Smoke : RHP Juan Pérez
Batting: LHB Jorge Alejándrez 0-0: Called Strike
0-1: Called Strike
0-2: Ball
1-2: Strikes out swinging, 2-3 out at first.
Batting: RHB Joseph Papasogli 0-0: Ground out 1-3 (Groundball, 15S)
Batting: RHB Vincente Flores 0-0: Called Strike
0-1: Ball
1-1: Ball
2-1: Ball
3-1: Fly out, F9 (Flyball, 9S)
Top of the 2nd over - 0 run(s), 0 hit(s), 0 error(s), 0 left on base; Boston 2 - Atlanta 0
BOTTOM OF THE 2ND
Atlanta Smoke batting - Pitching for Boston Patriots : RHP Cameron Frye
Batting: RHB Layton Templeman 0-0: Ball
1-0: Foul Ball, location: 2F
1-1: Ball
2-1: Called Strike
2-2: Ball
3-2: Foul Ball, location: 2F
3-2: Fly out, F8 (Flyball, 78M)
Batting: LHB Ned Durand 0-0: Ball
1-0: Ball
2-0: Called Strike
2-1: Fly out, F6 (Line Drive, 6M)
Batting: LHB Bernardo Elías 0-0: Swinging Strike
0-1: Ball
1-1: SINGLE (Flyball, 6MD)
Batting: RHB Travis Newsome 0-0: Swinging Strike
0-1: Ball
1-1: Foul Ball, location: 2F
1-2: Fielders Choice at 2nd, 6-4 (Groundball, 6)
Bottom of the 2nd over - 0 run(s), 1 hit(s), 0 error(s), 0 left on base; Boston 2 - Atlanta 0
TOP OF THE 3RD
Boston Patriots batting - Pitching for Atlanta Smoke : RHP Juan Pérez
Batting: LHB Alberto Enríquez 0-0: Foul Ball, location: 2F
0-1: Ball
1-1: Called Strike
1-2: Ball
2-2: Ground out U3 (Groundball, 34)
Batting: LHB Ramón Félix 0-0: Called Strike
0-1: Ball
1-1: Swinging Strike
1-2: Foul Ball, location: 2F
1-2: Ball
2-2: Foul Ball, location: 2F
2-2: Fly out, F9 (Line Drive, 9)
Batting: RHB Terry Armstrong 0-0: Ball
1-0: Ball
2-0: Ball
3-0: Called Strike
3-1: Called Strike
3-2: Fly out, F8 (Flyball, 8RM)
Top of the 3rd over - 0 run(s), 0 hit(s), 0 error(s), 0 left on base; Boston 2 - Atlanta 0
BOTTOM OF THE 3RD
Atlanta Smoke batting - Pitching for Boston Patriots : RHP Cameron Frye
Batting: RHB Clarence Fox 0-0: Ball
1-0: Ground out 6-3 (Groundball, 6)
Batting: RHB Gerardo Castillo 0-0: Fly out, F9 (Flyball, 9)
Batting: RHB Bartolo Morales 0-0: Ground out 5-3 (Groundball, 56)
Bottom of the 3rd over - 0 run(s), 0 hit(s), 0 error(s), 0 left on base; Boston 2 - Atlanta 0
TOP OF THE 4TH
Boston Patriots batting - Pitching for Atlanta Smoke : RHP Juan Pérez
Batting: RHB Tommy Jones 0-0: Swinging Strike
0-1: Ball
1-1: Ball
2-1: Ball
3-1: Base on Balls
Batting: RHB Tamasaburo Kato 0-0: Called Strike
0-1: Ball
1-1: Fly out, F7 (Flyball, 7LDF)
Batting: LHB Bill Chambers 0-0: Ground out 3-1 (Groundball, 34S)
Tommy Jones to second
Batting: LHB Jorge Alejándrez 0-0: Fly out, F4 (Line Drive, 4M)
Top of the 4th over - 0 run(s), 0 hit(s), 0 error(s), 1 left on base; Boston 2 - Atlanta 0
BOTTOM OF THE 4TH
Atlanta Smoke batting - Pitching for Boston Patriots : RHP Cameron Frye
Batting: RHB Arturo Maldonado 0-0: Ball
1-0: Ball
2-0: Ball
3-0: Called Strike
3-1: SOLO HOME RUN (Flyball, 8LXD), Distance : 451 ft
Batting: RHB Gabriel Maldonado 0-0: SOLO HOME RUN (Flyball, 78XD), Distance : 432 ft
Batting: RHB Layton Templeman 0-0: Called Strike
0-1: Foul Ball, location: 2F
0-2: Strikes out swinging
Batting: LHB Ned Durand 0-0: Swinging Strike
0-1: Foul Ball, location: 2F
0-2: Ball
1-2: SINGLE (Line Drive, 9LS)
Batting: LHB Bernardo Elías 0-0: Called Strike
0-1: Ball
1-1: Called Strike
1-2: Foul Ball, location: 2F
1-2: Fly out, F8 (Flyball, 8RM)
Batting: RHB Travis Newsome 0-0: Called Strike
0-1: Ground out 1-3 (Groundball, 15S)
Bottom of the 4th over - 2 run(s), 3 hit(s), 0 error(s), 1 left on base; Boston 2 - Atlanta 2
TOP OF THE 5TH
Boston Patriots batting - Pitching for Atlanta Smoke : RHP Juan Pérez
Batting: RHB Joseph Papasogli 0-0: Ball
1-0: Foul Ball, location: 2F
1-1: SINGLE (Line Drive, 6)
Batting: RHB Vincente Flores 0-0: Fly out, F3 (Line Drive, 34)
Lined into DP, U3 (Line Drive, 34)
Batting: LHB Alberto Enríquez 0-0: SINGLE (Flyball, 8RS)
Batting: LHB Ramón Félix 0-0: Ball
1-0: Fielders Choice at 2nd, 4-6 (Groundball, 4)
Top of the 5th over - 0 run(s), 2 hit(s), 0 error(s), 0 left on base; Boston 2 - Atlanta 2
BOTTOM OF THE 5TH
Atlanta Smoke batting - Pitching for Boston Patriots : RHP Cameron Frye
Batting: RHB Clarence Fox 0-0: Ball
1-0: Ball
2-0: Ball
3-0: Called Strike
3-1: Called Strike
3-2: Fly out, F9 (Flyball, 9)
Batting: RHB Gerardo Castillo 0-0: Foul Ball, location: 2F
0-1: Ball
1-1: Ball
2-1: Foul Ball, location: 2F
2-2: Fly out, F8 (Line Drive, 8RM)
Batting: RHB Bartolo Morales 0-0: Called Strike
0-1: Foul Ball, location: 2F
0-2: Strikes out swinging
Bottom of the 5th over - 0 run(s), 0 hit(s), 0 error(s), 0 left on base; Boston 2 - Atlanta 2
TOP OF THE 6TH
Boston Patriots batting - Pitching for Atlanta Smoke : RHP Juan Pérez
Batting: RHB Terry Armstrong 0-0: Swinging Strike
0-1: Foul Ball, location: 2F
0-2: Strikes out swinging
Batting: RHB Tommy Jones 0-0: Ball
1-0: Ball
2-0: Called Strike
2-1: Foul Ball, location: 2F
2-2: Foul Ball, location: 2F
2-2: Ball
3-2: Foul Ball, location: 2F
3-2: Ground out 5-3 (Groundball, 5S)
Batting: RHB Tamasaburo Kato 0-0: Called Strike
0-1: Ball
1-1: Foul Ball, location: 2F
1-2: Ball
2-2: Ball
3-2: Fly out, F8 (Flyball, 78S)
Top of the 6th over - 0 run(s), 0 hit(s), 0 error(s), 0 left on base; Boston 2 - Atlanta 2
BOTTOM OF THE 6TH
Atlanta Smoke batting - Pitching for Boston Patriots : RHP Cameron Frye
Batting: RHB Arturo Maldonado 0-0: Ball
1-0: Ball
2-0: Called Strike
2-1: Foul Ball, location: 2F
2-2: Foul Ball, location: 2F
2-2: Ball
3-2: Ground out 6-3 (Groundball, 6)
Batting: RHB Gabriel Maldonado 0-0: Swinging Strike
0-1: Foul Ball, location: 2F
0-2: Strikes out swinging
Batting: RHB Layton Templeman 0-0: Ball
1-0: Swinging Strike
1-1: Ball
2-1: DOUBLE (Line Drive, 78D)
Batting: LHB Ned Durand 0-0: Ball
1-0: Ball
2-0: Ball
3-0: Base on Balls
Batting: LHB Bernardo Elías 0-0: Foul Ball, location: 2F
0-1: Foul Ball, location: 2F
0-2: Ball
1-2: Ball
2-2: Ball
3-2: Foul Ball, location: 2F
3-2: Base on Balls
Layton Templeman to third
Ned Durand to second
Batting: RHB Travis Newsome 0-0: Fly out, F7 (Flyball, 7)
Bottom of the 6th over - 0 run(s), 1 hit(s), 0 error(s), 3 left on base; Boston 2 - Atlanta 2
TOP OF THE 7TH
Boston Patriots batting - Pitching for Atlanta Smoke : RHP Juan Pérez
Batting: LHB Bill Chambers 0-0: Ball
1-0: Ground out 1-3 (Groundball, 13S)
Batting: LHB Jorge Alejándrez 0-0: Ball
1-0: Ball
2-0: Ground out 6-3 (Groundball, 6)
Batting: RHB Joseph Papasogli 0-0: Ball
1-0: Ball
2-0: Swinging Strike
2-1: Called Strike
2-2: Strikes out looking
Top of the 7th over - 0 run(s), 0 hit(s), 0 error(s), 0 left on base; Boston 2 - Atlanta 2
BOTTOM OF THE 7TH
Atlanta Smoke batting - Pitching for Boston Patriots : RHP Cameron Frye
Batting: RHB Clarence Fox 0-0: Called Strike
0-1: Ball
1-1: Ball
2-1: Called Strike
2-2: Ground out 6-3 (Groundball, 6)
Batting: RHB Gerardo Castillo 0-0: Fly out, F9 (Flyball, 89D)
Batting: RHB Bartolo Morales 0-0: Fly out, F9 (Line Drive, 9)
Bottom of the 7th over - 0 run(s), 0 hit(s), 0 error(s), 0 left on base; Boston 2 - Atlanta 2
TOP OF THE 8TH
Boston Patriots batting - Pitching for Atlanta Smoke : RHP Juan Pérez
Batting: RHB Vincente Flores 0-0: Ball
1-0: Ball
2-0: Called Strike
2-1: Swinging Strike
2-2: Ball
3-2: Fly out, F5 (Line Drive, 56)
Batting: LHB Alberto Enríquez 0-0: Ball
1-0: Ball
2-0: Called Strike
2-1: Ball
3-1: Foul Ball, location: 2F
3-2: Strikes out swinging
Batting: LHB Ramón Félix 0-0: Called Strike
0-1: Ball
1-1: Swinging Strike
1-2: Foul Ball, location: 2F
1-2: Ball
2-2: Fly out, F9 (Flyball, 9S)
Top of the 8th over - 0 run(s), 0 hit(s), 0 error(s), 0 left on base; Boston 2 - Atlanta 2
BOTTOM OF THE 8TH
Atlanta Smoke batting - Pitching for Boston Patriots : RHP Cameron Frye
Batting: RHB Arturo Maldonado 0-0: SINGLE (Groundball, 4MD)
Batting: RHB Gabriel Maldonado 0-0: Ball
1-0: Swinging Strike
1-1: 2-RUN HOME RUN (Flyball, 7D), Distance : 400 ft
Batting: RHB Layton Templeman 0-0: Foul Ball, location: 2F
0-1: Ball
1-1: Swinging Strike
1-2: Ball
2-2: Strikes out swinging
Pitching: LHP Eugene Clarkston
Batting: LHB Ned Durand 0-0: Called Strike
0-1: Ball
1-1: Ball
2-1: Foul Ball, location: 2F
2-2: Ball
3-2: Strikes out swinging
Batting: LHB Bernardo Elías 0-0: Ball
1-0: Called Strike
1-1: Fly out, F9 (Flyball, 9LM)
Bottom of the 8th over - 2 run(s), 2 hit(s), 0 error(s), 0 left on base; Boston 2 - Atlanta 4
TOP OF THE 9TH
Boston Patriots batting - Pitching for Atlanta Smoke : RHP Juan Pérez
Batting: RHB Terry Armstrong 0-0: Ball
1-0: Ball
2-0: Called Strike
2-1: SINGLE (Groundball, 6MD)
Pitching: RHP Fred Pitts
Batting: RHB Tommy Jones 0-0: Foul Ball, location: 2F
0-1: Swinging Strike
0-2: Ball
1-2: Ball
2-2: Ball
3-2: Fly out, F7 (Flyball, 78S)
Batting: RHB Tamasaburo Kato 0-0: Ball
1-0: Ball
2-0: Ball
3-0: Called Strike
3-1: Base on Balls
Terry Armstrong to second
Batting: LHB Bill Chambers 0-0: Called Strike
0-1: Ball
1-1: Called Strike
1-2: Ball
2-2: Ball
3-2: Strikes out swinging
Batting: LHB Jorge Alejándrez 0-0: Ball
1-0: 3-RUN HOME RUN (Flyball, 89XD), Distance : 435 ft
Pitching: RHP Kent Clement
Batting: RHB Joseph Papasogli 0-0: Foul Ball, location: 2F
0-1: Ball
1-1: Ball
2-1: Swinging Strike
2-2: Strikes out swinging
Top of the 9th over - 3 run(s), 2 hit(s), 0 error(s), 0 left on base; Boston 5 - Atlanta 4
BOTTOM OF THE 9TH
Atlanta Smoke batting - Pitching for Boston Patriots : LHP Eugene Clarkston
Pitching: RHP Jeff Territt
Batting: RHB Travis Newsome 0-0: Called Strike
0-1: Ball
1-1: SOLO HOME RUN (Flyball, 7LD), Distance : 373 ft
Batting: RHB Clarence Fox 0-0: Swinging Strike
0-1: Swinging Strike
0-2: Ball
1-2: Strikes out swinging
Batting: RHB Gerardo Castillo 0-0: Ball
1-0: Ball
2-0: Foul Ball, location: 2F
2-1: Called Strike
2-2: Ball
3-2: Foul Ball, location: 2F
3-2: SINGLE (Line Drive, 89S)
Pinch Runner at 1st Alfredo Méndez:
Batting: RHB Bartolo Morales 0-0: Called Strike
0-1: Ball
1-1: Ball
2-1: Ball
3-1: SINGLE (Groundball, 34D)
Alfredo Méndez to second
Runner from 2nd tries for 3rd, SAFE, throw made to third
Batting: RHB Arturo Maldonado 0-0: Ball
1-0: Swinging Strike
1-1: Fly out, F8 (Flyball, 8LM)
Runner from 3rd tags up, SCORES, no throw
Saturday, May 26th, 2018 - OOTP Baseball 17.12 Build 75